 Dungeon Crawl Stone Soup version 0.20.0-15-g7f486f2 (webtiles) character file.

750 dvd the Ruffian (level 7, -13/67 HPs)
             Began as a Troll Monk on June 16, 2017.
             Mangled by a two-headed ogre
             ... wielding a cursed -2 giant spiked club
              (27 damage)
             ... on level 5 of the Dungeon.
             The game lasted 00:09:04 (3503 turns).

dvd the Ruffian (Troll Monk)                        Turns: 3503, Time: 00:09:05

Health: -13/67     AC:  6    Str: 20    XL:     7   Next: 48%
Magic:  6/6        EV: 11    Int:  6    God:
Gold:   130        SH:  0    Dex: 14    Spells: 3/6 levels left

rFire    + . .     SeeInvis +     - Unarmed
rCold    . . .     Gourm    +   (no shield)
rNeg     + . .     Faith    .   y - +0 robe of Loiloe {rElec rF+ SInv} (curse)
rPois    .         Spirit   .   (helmet restricted)
rElec    +         Reflect  .   D - +0 cloak
rCorr    .         Harm     .   (gloves unavailable)
MR       +....                  (boots unavailable)
Stlth    ++........             (no amulet)
Regen    0.7/turn               v - ring of positive energy
MPRegen  0.1/turn               h - ring of protection from magic

@: no status effects
A: unfitting armour, claws 3, fast metabolism 3, gourmand, regeneration 1,
shaggy fur 1, tough skin 2
a: no special abilities


You were on level 5 of the Dungeon.
You were full.

You visited 1 branch of the dungeon, and saw 5 of its levels.

You collected 249 gold pieces.
You spent 119 gold pieces at shops.

Inventory:

Armour
 y - the cursed +0 robe of Loiloe (worn) {rElec rF+ SInv}
   (You bought it in a shop on level 4 of the Dungeon)

   It protects you from fire.
   It insulates you from electricity.
   It lets you see invisible.
   It has a curse placed upon it.
 D - a +0 cloak (worn)
Jewellery
 h - a ring of protection from magic (right claw)
 q - an uncursed ring of see invisible
 v - a ring of positive energy (left claw)
Wands
 u - a wand of digging (9/24)
 B - a wand of random effects (24/48)
Scrolls
 a - a scroll of magic mapping {unknown}
 c - a scroll of enchant weapon {unknown}
 d - a scroll of fog {unknown}
 e - 2 scrolls of fear {unknown}
 f - 2 scrolls of blinking {unknown}
 j - 8 scrolls of identify {unknown}
 k - 3 scrolls of remove curse {unknown}
 l - a scroll of amnesia {unknown}
 m - 2 scrolls of teleportation {unknown}
 n - a scroll of recharging {unknown}
Potions
 i - a potion of resistance {unknown}
 p - 2 potions of ambrosia {unknown}
 r - a potion of haste {unknown}
 s - 3 potions of might {unknown}
 t - a potion of cancellation {unknown}
 w - 2 potions of lignification {unknown}
 x - a potion of mutation {unknown}
 z - a potion of curing {unknown}
Books
 C - a book of Necromancy

   Spells                             Type                      Level
   a - Pain                           Necromancy                   1
   b - Animate Skeleton               Necromancy                   1
   c - Vampiric Draining              Necromancy                   3
   d - Regeneration                   Charms/Necromancy            3
   e - Animate Dead                   Necromancy                   4
   f - Control Undead                 Necromancy                   4
Comestibles
 b - 4 bread rations
 g - 2 meat rations
 o - 2 royal jellies
 A - 2 fruits


   Skills:
 + Level 3.4 Fighting
 + Level 3.8 Dodging
 + Level 1.8 Stealth
 + Level 7.1 Unarmed Combat


You had 3 spell levels left.
You knew the following spells:

 Your Spells              Type           Power        Failure   Level  Hunger
a - Regeneration          Chrm/Necr      #.........   83%         3    ####...


Dungeon Overview and Level Annotations

Branches:
Dungeon (5/15)
 Temple: D:4-7

Altars:
Ashenzari
Hepliaklqana
Makhleb
Sif Muna
Vehumet

Shops:
D:4 *


Innate Abilities, Weirdness & Mutations

You are too large for most types of armour.
You have claws for hands.
Your metabolism is lightning-fast.
You like to eat raw meat.
Your natural rate of healing is unusually fast.
You are covered in fur. (AC +1)
You have very tough skin. (AC +2)


Message History

Here: a two-headed ogre, wielding two giant spiked clubs (severely wounded)
The floor, spattered with blood.
You scratch the two-headed ogre.
The two-headed ogre is heavily wounded.
The two-headed ogre closely misses you.
The two-headed ogre hits you with a giant spiked club!
You scratch the two-headed ogre.
The two-headed ogre is severely wounded.
The two-headed ogre misses you.
The two-headed ogre hits you with a giant spiked club!
Evoke which item? (* to show all) (? for menu, Esc to quit)
Aiming: Random Effects (will waste charges)
Press: ? - help, Shift-Dir - straight line, f - two-headed ogre
Aim: a two-headed ogre, wielding two giant spiked clubs (severely wounded)
The two-headed ogre easily resists.
Evoking this partially-identified wand wasted a few charges.
The two-headed ogre hits you with a giant spiked club!!
* * * LOW HITPOINT WARNING * * *
The two-headed ogre hits you with a giant spiked club!!
You die...

#########
#^......#
#.#####.#
#######.# #.#
#.......# #.#
#.#####.# #.# #.#
#.#####.# #@#
#.......# #O#
#.##.##.#### #.#
#..........# #.#
####.##.##.# #.#
#.##.##.#
#.########.##.#...
#.................
###############...
##.#


You could see a two-headed ogre.

Vanquished Creatures
  A phantom (D:5)
  A centaur (D:4)
  A scorpion (D:5)
  2 jellies (D:5)
  2 centaur skeletons (D:4)
  3 hounds
  Jessica (D:3)
  A worker ant (D:4)
  4 gnolls
  13 adders
  An ooze (D:3)
  An adder skeleton (D:4)
  An adder zombie (D:5)
  2 worms
  2 dart slugs
  2 leopard geckos (D:4)
  6 orcs
  A ball python (D:5)
  7 giant cockroaches
  7 goblins
  12 hobgoblins
  12 jackals
  6 kobolds
  3 quokkas
  9 bats
  3 frilled lizards
  2 rats
  A plant (D:5)
107 creatures vanquished.

Vanquished Creatures (others)
  A plant (D:5)
1 creature vanquished.

Grand Total: 108 creatures vanquished

Notes
Turn   | Place    | Note
-------+----------+-------------------------------------------
     0 | D:1      | dvd the Troll Monk began the quest for the Orb.
     0 | D:1      | Reached XP level 1. HP: 22/22 MP: 0/0
   150 | D:1      | Reached XP level 2. HP: 29/29 MP: 1/1
   306 | D:1      | Reached XP level 3. HP: 36/36 MP: 2/2
   537 | D:1      | Reached skill level 4 in Unarmed Combat
   575 | D:2      | Reached XP level 4. HP: 40/44 MP: 3/3
  1185 | D:2      | Found a burning altar of Makhleb.
  1191 | D:2      | Reached XP level 5. HP: 52/53 MP: 4/4
  1585 | D:3      | Reached skill level 5 in Unarmed Combat
  1836 | D:3      | Noticed Jessica
  1842 | D:3      | Killed Jessica
  2060 | D:4      | Found a hazy altar of Hepliaklqana.
  2123 | D:4      | Noticed a centaur
  2128 | D:4      | Reached XP level 6. HP: 55/61 MP: 5/5
  2211 | D:4      | Found Ijedopot's Assorted Antiques.
  2229 | D:4      | Bought a heavily jewelled robe for 119 gold pieces
  2239 | D:4      | Identified the cursed +0 robe of Loiloe {rElec rF+ SInv} (You bought it in a shop on level 4 of the Dungeon)
  2282 | D:4      | Reached skill level 6 in Unarmed Combat
  2760 | D:5      | Entered Level 5 of the Dungeon
  2770 | D:5      | Reached XP level 7. HP: 63/67 MP: 6/6
  3027 | D:5      | Found a shattered altar of Ashenzari.
  3034 | D:5      | Found a deep blue altar of Sif Muna.
  3041 | D:5      | Found a radiant altar of Vehumet.
  3091 | D:5      | Reached skill level 7 in Unarmed Combat
  3212 | D:5      | Learned a level 3 spell: Regeneration
  3272 | D:5      | Noticed a two-headed ogre
  3503 | D:5      | Mangled by a two-headed ogre

Skill      XL: |  1  2  3  4  5  6  7 |
---------------+----------------------+-----
Unarmed Combat | 4 5 6 7 |  7.1
Dodging        | 3 |  3.8
Fighting       | 3 |  3.4
Stealth        | |  1.8

Action                   |  1- 3 |  4- 6 |  7- 9 || total
-------------------------+-------+-------+-------++-------
Melee: Unarmed           |    88 |   196 |    65 ||   349
       Punch             |       |     5 |     1 ||     6
Evoke: Wand              |       |       |     1 ||     1
 Stab: Sleeping          |     1 |     6 |       ||     7
  Eat: Chunk             |    11 |    20 |     3 ||    34
Armor: Robe              |    42 |    64 |    14 ||   120
Dodge: Dodged            |    53 |   130 |    32 ||   215
